 Dungeon Crawl Stone Soup version 0.28.0-43-g3370ac3207 (webtiles) character file.

Game seed: 2589108374062732856

6099 ultragoat the Grappler (level 10, -5/100 HPs)
             Began as a Troll Monk on Mar 18, 2022.
             Was an Initiate of Gozag.
             Slain by a seven-headed hydra (9 damage)
             ... on level 1 of the Lair of Beasts.
             The game lasted 00:45:34 (7912 turns).

ultragoat the Grappler (Troll Monk)                 Turns: 7912, Time: 00:45:35

Health: -5/100     AC:  7    Str: 31    XL:     10   Next: 58%
Magic:  12/12      EV: 12    Int: 18    God:    Gozag
Gold:   816        SH:  0    Dex: 12    Spells: 9/13 levels left

rFire   . . .      SeeInvis .     - Unarmed
rCold   . . .      Faith    .   (no shield)
rNeg    . . .      Spirit   .   h - +3 robe "Zec Reow" {Int+6}
rPois   .          Reflect  .   (helmet restricted)
rElec   .          Harm     .   (no cloak)
rCorr   .          Rampage  .   (gloves unavailable)
Will    .....                   (boots unavailable)
Stlth   ++........              (no amulet)
HPRegen 1.06/turn               l - +6 ring of strength
MPRegen 0.13/turn               m - +6 ring of intelligence

@: no status effects
A: large, unfitting armour, claws 3, regeneration 1, shaggy fur 1, tough skin 1
a: Renounce Religion, Potion Petition, Call Merchant, Bribe Branch


You were on level 1 of the Lair of Beasts.
You worshipped Gozag.
Gozag was pleased with you.
You visited 3 branches of the dungeon, and saw 11 of its levels.
You also visited: Bailey.

You collected 816 gold pieces.

Inventory:

Missiles
 b - 19 boomerangs (quivered)
 e - 161 stones
 n - 3 javelins
Armour
 a - a +0 robe
 h - the +3 robe "Zec Reow" (worn) {Int+6}
   (You found it on level 3 of the Dungeon)

   Int:       It affects your intelligence (+6).
 s - a +2 robe of fire resistance
Jewellery
 l - a +6 ring of strength (left claw)
 m - a +6 ring of intelligence (right claw)
 u - the ring "Deddypicu" {Ice rCorr SInv}
   (You found it on level 8 of the Dungeon)

   [ring of ice]

   It enhances your ice magic.
   rF:        It makes you vulnerable to fire.
   rC:        It protects you from cold.
   SInv:      It lets you see invisible.
   rCorr:     It protects you from acid and corrosion.
Wands
 o - a wand of digging (5)
 p - a wand of iceblast (1)
 r - a wand of acid (2)
Scrolls
 g - 4 scrolls of identify
 v - a scroll of magic mapping
 x - a scroll of fog
Potions
 c - 7 potions of flight
 d - 2 potions of cancellation
 f - a potion of lignification
 i - 3 potions of might
 j - a potion of curing
 k - 2 potions of magic
 q - a potion of brilliance
Miscellaneous
 t - a lightning rod (4/4)
 w - a lightning rod (4/4)


   Skills:
 * Level 6.8 Fighting
 + Level 6.2 Throwing
 + Level 6.9 Dodging
 - Level 1.3 Stealth
 + Level 9.4 Unarmed Combat
 - Level 2.0 Spellcasting


You had 9 spell levels left.
You knew the following spells:

 Your Spells              Type           Power      Damage    Failure   Level
a - Slow                  Hex            4%         N/A       19%         1
b - Summon Guardian Gole  Hex/Summ       1%         N/A       47%         3

Your spell library contained the following spells:

 Spells                   Type           Power      Damage    Failure   Level
 Summon Small Mammal      Summ           4%         N/A       19%         1
 Call Canine Familiar     Summ           1%         N/A       47%         3
 Confusing Touch          Hex            1%         N/A       47%         3
 Vampiric Draining        Necr           1%         2d6       47%         3


Dungeon Overview and Level Annotations

Branches:
Dungeon (9/15)             Temple (1/1) D:7            Lair (1/6) D:9
 Bailey (visited)
    Orc: D:9-12

Altars:
Ashenzari
Cheibriados
Dithmenos
Elyvilon
Fedhas
Gozag
Hepliaklqana
Kikubaaqudgha
Makhleb
Nemelex Xobeh
Okawaru
Qazlal
Ru
Sif Muna
Trog
Uskayaw
Vehumet
Wu Jian
Xom
Yredelemnul
Zin
The Shining One

Annotations:
D:8 Erica


Innate Abilities, Weirdness & Mutations

You are too large for most types of armour.
You have claws for hands.
Your natural rate of healing is unusually fast.
You are covered in fur. (AC +1)
You have tough skin. (AC +1)


Message History

Aim: a five-headed hydra (moderately wounded, covered in acid, 90% to hit)
The bolt of acid hits the five-headed hydra!
The five-headed hydra seems to be corroded for longer.
The five-headed hydra is heavily wounded.
Aiming: Corrosive Bolt
Press: ? - help, Shift-Dir - straight line, f/p - five-headed hydra
Aim: a five-headed hydra (moderately wounded, covered in acid, 90% to hit)
The bolt of acid misses the five-headed hydra.
The five-headed hydra bites you.
The five-headed hydra bites you but does no damage.
The five-headed hydra bites you. The five-headed hydra bites you! x2
You tear one of the five-headed hydra's heads off!
The four-headed hydra grows two more!
You claw the six-headed hydra!
The six-headed hydra is heavily wounded.
You tear one of the six-headed hydra's heads off!
The five-headed hydra grows two more!
You mangle the seven-headed hydra!! You claw the seven-headed hydra!
The seven-headed hydra is severely wounded.
The seven-headed hydra closely misses you.
The seven-headed hydra bites you but does no damage. x2
The seven-headed hydra bites you!
The seven-headed hydra barely misses you.
The seven-headed hydra bites you! The seven-headed hydra misses you.
You barely miss the seven-headed hydra.
The seven-headed hydra is severely wounded.
The seven-headed hydra bites you! x2
The seven-headed hydra bites you but does no damage.
The seven-headed hydra completely misses you.
The seven-headed hydra bites you. x2
* * * LOW HITPOINT WARNING * * *
The seven-headed hydra bites you!
* * * LOW HITPOINT WARNING * * *
The seven-headed hydra bites you!
* * * LOW HITPOINT WARNING * * *
The seven-headed hydra barely misses you. x2
The seven-headed hydra completely misses you. x2
The seven-headed hydra barely misses you.
The seven-headed hydra bites you!
You die...
Your body crumbles into a pile of gold.

#.. #.. #...
#... #...# ##
#...P##.###..
##...D........
#P....@.......
##............
#............
#.............
##.#####.#....
#. ..#... #
..#... ..# ..


You could see a seven-headed hydra (corroded).

Vanquished Creatures
  A centaur warrior (D:8)
  A cyclops (D:7)
  A shadow (D:9)
  A wyvern (D:9)
  2 wraiths (D:8)
  8 yaks
  2 steam dragons
  An ice beast (D:5)
  3 black bears
  11 orc warriors
  2 sky beasts
  2 necrophages (D:5)
  2 ogres
  4 centaurs
  A wyvern zombie (D:4)
  2 scorpions
  A water moccasin skeleton (D:5)
  2 hounds
  A bullfrog skeleton (D:7)
  A centaur skeleton (D:7)
  An orc priest (D:9)
  3 iguanas
  7 orc wizards
  A killer bee zombie (D:8)
  2 gnolls
  A howler monkey skeleton (D:5)
  6 adders
  A white imp (D:7)
  2 ufetubi
  4 worms
  2 dart slugs (D:1)
  25 orcs
  6 ball pythons
  6 endoplasms
  2 giant cockroaches
  6 goblins
  8 hobgoblins
  2 jackals (D:4)
  2 quokkas
  3 bats
  3 frilled lizards
  23 kobolds
  8 rats
173 creatures vanquished.

Vanquished Creatures (others)
  5 demonic plants (D:1)
  3 fungi (D:1)
  A plant (D:1)
  A withered plant (D:1)
10 creatures vanquished.

Grand Total: 183 creatures vanquished

Notes
Turn   | Place    | Note
-------+----------+-------------------------------------------
     0 | D:1      | ultragoat the Troll Monk began the quest for the Orb.
     0 | D:1      | Reached XP level 1. HP: 22/22 MP: 0/0
   190 | D:1      | Reached XP level 2. HP: 29/29 MP: 1/1
   470 | D:1      | Found a faded altar of an unknown god.
   639 | D:1      | Reached XP level 3. HP: 36/36 MP: 2/2
  1201 | D:2      | You fall into a shaft and drop 2 floors!
  1567 | D:3      | Reached XP level 4. HP: 43/44 MP: 3/3
  1606 | D:3      | Identified the +3 robe "Zec Reow" {Int+6}
  1649 | D:3      | Learned a level 1 spell: Slow
  1658 | D:3      | Noticed a scorpion
  1664 | D:3      | Killed a scorpion
  1665 | D:3      | Reached skill level 1 in Throwing
  1756 | D:3      | Reached XP level 5. HP: 52/53 MP: 4/4
  2530 | D:4      | Reached skill level 4 in Unarmed Combat
  2806 | D:4      | Noticed a black bear
  2819 | D:4      | Killed a black bear
  2820 | D:4      | Reached XP level 6. HP: 26/61 MP: 5/5
  3057 | D:5      | Entered Level 5 of the Dungeon
  3084 | D:5      | Noticed an ice beast
  3098 | D:5      | Killed an ice beast
  3178 | D:5      | Reached XP level 7. HP: 68/68 MP: 6/6
  3659 | D:5      | Reached skill level 5 in Unarmed Combat
  3672 | D:5      | Reached skill level 1 in Spellcasting
  3678 | D:5      | Learned a level 3 spell: Summon Guardian Golem
  3712 | D:5      | Reached XP level 8. HP: 70/79 MP: 8/8
  4140 | D:6      | Noticed a two-headed ogre
  4164 | D:6      | HP: 3/79 [killer bee zombie (3)]
  4165 | D:6      | Noticed a gargoyle
  4167 | D:6      | HP: 1/79 [killer bee zombie (5)]
  4312 | D:7      | Reached skill level 5 in Dodging
  4400 | D:7      | Reached skill level 5 in Fighting
  4510 | D:7      | Found a flagged portal.
  4523 | Bailey   | Entered a bailey
  4758 | Bailey   | Reached skill level 6 in Unarmed Combat
  4881 | Bailey   | Reached XP level 9. HP: 57/88 MP: 11/11
  5263 | D:7      | Reached skill level 7 in Unarmed Combat
  5338 | D:7      | Noticed a cyclops
  5345 | D:7      | Killed a cyclops
  5593 | D:7      | Reached skill level 5 in Throwing
  5799 | D:7      | Reached skill level 8 in Unarmed Combat
  5864 | D:7      | Found a staircase to the Ecumenical Temple.
  5870 | Temple   | Entered the Ecumenical Temple
  6161 | Temple   | Became a worshipper of Gozag Ym Sagoz the Greedy
  6557 | D:8      | Identified the +3 hunting sling of Responsibility {vorpal,
                  | Int+4}
  6592 | D:8      | Noticed a centaur warrior
  6598 | D:8      | Killed a centaur warrior
  6599 | D:8      | Reached XP level 10. HP: 68/98 MP: 12/12
  6603 | D:8      | Identified the ring "Deddypicu" {Ice rCorr SInv}
  6808 | D:8      | Noticed Erica
  6945 | D:8      | Found a white marble altar of Elyvilon.
  7173 | D:9      | Reached skill level 9 in Unarmed Combat
  7222 | D:9      | Identified the +0 ring mail of Liux {+Blink Str+3}
  7825 | D:9      | Found a staircase to the Lair.
  7904 | Lair:1   | Entered Level 1 of the Lair of Beasts
  7904 | Lair:1   | Noticed a five-headed hydra
  7912 | Lair:1   | HP: 4/100 [seven-headed hydra (14)]
  7912 | Lair:1   | Slain by a seven-headed hydra

Illustrated notes

Levels and vault maps discovered:
D:1:      lemuel_arrival_hallway, layout_loops_ring,
          shapermc_ecumenical_altar_gd
D:2:      layout_basic
D:3:      layout_loops_cross, minmay_mini_jars
D:4:      layout_loops_ring, corexii_shack
D:5:      layout_loops_ring, kennysheep_generic_room_14
D:6:      layout_basic, minmay_manual_mandibuliform
D:7:      layout_basic, minmay_temple_entry_fiery, enter_bailey_2
D:8:      minmay_tri_box, layout_cave_pools,
          mainiacjoe_overflow_surrounded_room, uniq_erica
D:9:      layout_small_grid, lair_entry_dummy, serial_glass, glass_columns_c,
          glass_columns_c, glass_columns_c, glass_columns_c, glass_columns_a,
          glass_columns_a
Temple:   mainiacjoe_temple_hex_bubbles
Lair:1:   layout_regular_city, infiniplex_staircase_pool, serial_bayou_shore_b

Skill      XL: |  1  2  3  4  5  6  7  8  9 10 |
---------------+-------------------------------+-----
Fighting       | 3 4 5 6 |  6.8
Throwing       | 1 2 3 4 5 6 |  6.2
Dodging        | 3 4 5 6 |  6.9
Unarmed Combat | 4 5 6 8 9 |  9.4
Spellcasting   | 1 2 |  2.0
Stealth        | |  1.3

Action                   |  1- 3 |  4- 6 |  7- 9 | 10-12 || total
-------------------------+-------+-------+-------+-------++-------
Melee: Unarmed           |   122 |   118 |   230 |    91 ||   561
       Punch             |     1 |     7 |    11 |     3 ||    22
Throw: Stone             |     6 |       |       |       ||     6
       Boomerang         |       |     6 |    22 |       ||    28
Evoke: Wand              |       |       |       |     6 ||     6
  Use: Scroll            |     4 |     2 |     5 |     5 ||    16
       Potion            |       |       |     3 |       ||     3
 Stab: Distracted        |       |       |       |     1 ||     1
Armor: Robe              |    43 |    46 |    91 |    23 ||   203
Dodge: Dodged            |    58 |    54 |   115 |    42 ||   269
